Map: Abyssal Reef LE

Players

SamuraiFunn

  • Race: Protoss Protoss
  • Spawn Location: 5:00

A.I. 1 (Elite) - Winner!

  • Race: Terran Terran
  • Spawn Location: 11:00

VOD

Have the link to the VOD?

Description

Time

  • Played on: Nov. 24, 2017, 5:06 p.m.
  • Length: 8:43
Show
View Real Time Build Order
Export as new Build Order

SamuraiFunn Protoss 

Build Orders:  

Get SALT Encoding   

  12  0:01  Probe  
  13  0:13  Probe  
  14  0:25  Pylon  
  14  0:28  Probe  
  15  0:37  Assimilator  
  15  0:43  Probe  
  16  0:50  Gateway  
  16  0:56  Probe  
  17  1:09  Probe  
  17  1:10  Pylon  
  18  1:15  Assimilator  
  18  1:27  Probe  
  19  1:40  Cybernetics Core  
  19  1:42  Probe  
  19  1:44  Zealot  
  22  1:54  Probe  
  23  2:03  Nexus  
  23  2:06  Probe  
  24  2:18  Probe  
  24  2:19  Adept  
  27  2:25  Twilight Council  
  27  2:44  Robotics Facility  
  27  2:47  Probe  
  27  2:48  Assimilator  
  28  2:59  Probe  
  29  3:10  Warp Gate (Chrono Boost)  
  29  3:16  Probe x2  
  31  3:20  Assimilator  
  31  3:22  Zealot  
  33  3:32  Immortal  
  37  3:38  Gateway  
  37  3:39  Probe  
  38  3:46  Probe  
  39  3:54  Charge  
  39  3:55  Robotics Facility  
  39  4:02  Zealot  
  41  4:12  Pylon  
  41  4:15  Probe x2  
  43  4:26  Zealot  
  45  4:36  Immortal  
  49  4:38  Probe  
  49  4:39  Probe  
  51  4:56  Probe  
  51  4:57  Probe  
  53  5:04  Pylon  
  53  5:08  Probe  
  53  5:11  Pylon  
  54  5:14  Forge  
  54  5:22  Probe, Immortal  
  54  5:24  Forge  
  54  5:26  Probe  
  60  5:34  Probe  
  61  5:35  Pylon  
  61  5:37  Zealot  
  61  5:38  Probe  
  64  5:46  Probe  
  64  5:49  Immortal  
  69  5:56  Zealot  
  71  6:00  Protoss Ground Weapons Level 1 (Chrono Boost)  
  71  6:01  Protoss Ground Armor Level 1 (Chrono Boost)  
  71  6:06  Immortal  
  71  6:09  Zealot  
  77  6:34  Gateway  
  77  6:35  Probe, Gateway  
  77  6:37  Gateway  
  78  6:43  Pylon  
  78  6:45  Pylon  
  78  6:46  Pylon  
  78  7:01  Probe  
  79  7:13  Probe x2  
  81  7:25  Probe  
  81  7:26  Probe  
  83  7:30  Zealot x2  
  83  7:33  Immortal x2  
  95  7:40  Pylon  
  95  7:45  Assimilator  
  95  7:53  Pylon  
  95  8:04  Nexus  
  95  8:09  Assimilator  
  95  8:10  Zealot x3  
  67  8:31  Zealot x3  
  67  8:32  Zealot x2  
Show
View Real Time Build Order
Export as new Build Order

A.I. 1 (Elite) Terran - Winner!

Build Orders: MMM Bio 

Get SALT Encoding   

  12  0:00  SCV  
  13  0:13  SCV  
  14  0:18  Supply Depot  
  14  0:25  SCV  
  15  0:40  SCV  
  16  0:52  SCV  
  16  0:55  Refinery  
  17  0:57  Barracks  
  17  1:04  SCV  
  18  1:16  SCV  
  19  1:28  Command Center  
  19  1:39  Supply Depot  
  19  1:40  SCV  
  19  1:44  Marine  
  21  1:58  Factory  
  21  2:12  Barracks  
  21  2:13  SCV  
  22  2:17  Marine  
  23  2:25  SCV  
  24  2:30  Supply Depot  
  24  2:36  Marine  
  25  2:37  SCV  
  26  2:44  Factory Tech Lab  
  26  2:46  SCV  
  27  2:54  Marine  
  28  3:00  Orbital Command  
  28  3:07  Refinery  
  28  3:12  Orbital Command  
  28  3:16  Marine  
  29  3:21  Marine  
  29  3:26  SCV  
  31  3:34  Marine  
  32  3:37  SCV  
  32  3:38  SCV  
  32  3:39  Marine  
  35  3:48  Barracks  
  35  3:49  SCV  
  35  3:50  SCV  
  35  3:51  Marine  
  38  3:58  Barracks Tech Lab  
  38  4:02  SCV x2  
  40  4:05  Supply Depot  
  40  4:10  Barracks Tech Lab  
  40  4:14  SCV x2  
  40  4:16  Marine  
  43  4:19  Stimpack  
  43  4:20  Siege Tank  
  46  4:26  SCV  
  46  4:27  SCV  
  46  4:28  Combat Shields, Marine  
  49  4:34  Marine  
  49  4:35  Marine  
  49  4:38  SCV  
  52  4:39  SCV, Supply Depot  
  53  4:46  Marine  
  53  4:50  SCV  
  53  4:51  SCV  
  53  4:52  Marauder  
  58  5:00  Refinery  
  58  5:02  SCV  
  58  5:03  SCV  
  58  5:04  Marauder  
  58  5:06  Engineering Bay, Barracks Reactor  
  62  5:08  Supply Depot  
  62  5:14  SCV, Marauder  
  64  5:16  Command Center  
  65  5:26  SCV, Marauder  
  69  5:28  SCV  
  69  5:32  Terran Infantry Armor Level 1  
  69  5:34  Supply Depot  
  69  5:36  Marauder  
  69  5:38  SCV  
  69  5:40  SCV  
  73  5:47  Marauder  
  73  5:49  Engineering Bay  
  74  5:50  SCV  
  74  5:52  SCV  
  74  5:54  Starport  
  76  5:57  Marauder  
  76  6:00  Supply Depot  
  76  6:02  SCV  
  79  6:04  SCV  
  79  6:07  Marine  
  79  6:09  Concussive Shells, Marauder  
  83  6:14  SCV  
  83  6:15  Terran Infantry Weapons Level 1  
  84  6:19  Missile Turret  
  84  6:21  Marine  
  84  6:22  Marauder, Missile Turret  
  84  6:24  Barracks  
  87  6:26  Supply Depot  
  87  6:29  SCV  
  87  6:30  SCV, Marauder  
  87  6:31  SCV, Medivac  
  94  6:41  SCV  
  94  6:42  SCV  
  94  6:43  SCV, Marauder  
  99  6:51  Marauder  
  99  6:53  SCV  
  102  6:55  Missile Turret, Orbital Command  
  102  6:57  SCV  
  102  6:58  Supply Depot  
  103  7:01  Marine  
  103  7:02  Marine  
  103  7:03  Medivac  
  103  7:05  SCV  
  103  7:07  Marine  
  109  7:09  SCV  
  109  7:10  Missile Turret  
  109  7:12  Marine  
  111  7:17  SCV  
  111  7:21  SCV  
  111  7:22  SCV  
  114  7:24  Supply Depot  
  114  7:25  Marauder  
  114  7:29  SCV  
  117  7:30  Marauder, Missile Turret  
  117  7:33  Starport Reactor  
  117  7:34  SCV  
  120  7:37  Refinery x2  
  120  7:43  Refinery  
  120  7:45  SCV  
  120  7:46  SCV x2, Factory  
  120  7:47  Marauder  
  120  7:49  Supply Depot  
  125  7:51  Command Center, Missile Turret  
  125  7:57  SCV, Marauder  
  128  8:05  Missile Turret  
  128  8:07  Missile Turret  
  128  8:09  Medivac  
  128  8:10  Viking  
  128  8:11  SCV, Starport  
  133  8:14  Supply Depot  
  133  8:15  Armory  
  130  8:21  Marine  
  130  8:22  Marine  
  130  8:24  Marine  
  127  8:30  Factory Tech Lab  
  124  8:38  Missile Turret  
Tags
 
Composition
MMM Bio
Matchup
PvT
Replay Pack
First 100 games
Spawn Locations
Cross Positions
Add a new tag
Caveats
  • Supply blocks, unpowered buildings, or Contaminate may cause inaccurate times.
  • Supply counts are checked every 10 seconds.